 Dungeon Crawl Stone Soup version 0.30-a0-883-g5ad918d77d (webtiles) character file.

Game seed: 3169338246369150300

212 FexLirch the Grave Robber (level 5, -1/35 HPs)
             Began as a Mummy Necromancer on Mar 18, 2023.
             Slain by Crazy Yiuf
             ... wielding a +4 quarterstaff of chaos
              (5 damage)
             ... on level 2 of the Dungeon.
             The game lasted 00:06:58 (2322 turns).

FexLirch the Grave Robber (Mummy Necromancer)       Turns: 2322, Time: 00:06:58

Health: -1/35      AC:  2    Str: 11    XL:     5   Next: 58%
Magic:  0/11       EV: 12    Int: 16    God:
Gold:   110        SH:  0    Dex: 13    Spells: 12/13 levels left

rFire   . . .      SeeInvis .    l - +1 dagger (freeze)
rCold   + + .      Faith    +    (no shield)
rNeg    + + +      Spirit   .    a - +0 robe
rPois   ∞          Reflect  .    (no helmet)
rElec   +          Rampage  .    (no cloak)
rCorr   +                        (no gloves)
Will    .....                    (no boots)
Stlth   ++                       (no amulet)
HPRegen 0.25/turn                (no ring)
MPRegen 0.12/turn                (no ring)

@: resistant
A: cold resistance 1, negative energy resistance 3, torment resistance 2, heat
vulnerability 1, in touch with death 1, no potions, faith
a: no special abilities


You were on level 2 of the Dungeon.
You visited 1 branch of the dungeon, and saw 2 of its levels.

You collected 110 gold pieces.

Inventory:

Hand Weapons
 e - a +0 sling
 f - a +0 spear
 g - a +0 whip
 l - a +1 dagger of freezing (weapon)
Missiles
 b - 24 stones
 c - 6 boomerangs
Armour
 a - a +0 robe (worn)
 d - a +1 scale mail of willpower
Jewellery
 j - a ring of ice
Scrolls
 h - a scroll of enchant weapon {unknown}
 i - a scroll of immolation {unknown}
 k - a scroll of magic mapping {unknown}


   Skills:
 - Level 1.5 Dodging
 - Level 1.6 Stealth
 + Level 4.6 Spellcasting
 * Level 6.1 Necromancy


You had 12 spell levels left.
You knew the following spells:

 Your Spells              Type           Power      Damage    Failure   Level
a - Necrotise             Necr           100%       1d9       1%          1

Your spell library contained the following spells:

 Spells                   Type           Power      Damage    Failure   Level
 Vampiric Draining        Necr           34%        2d8       3%          3
 Animate Dead             Necr           34%        N/A       13%         4
 Agony                    Necr           34%        N/A       34%         5


Dungeon Overview and Level Annotations

Branches:
Dungeon (2/15)

Altars:
Vehumet

Annotations:
D:2 Crazy Yiuf


Innate Abilities, Weirdness & Mutations

You are immune to poison.
Your flesh is cold resistant. (rC+)
You are immune to negative energy. (rN+++)
You are immune to unholy pain and torment.
You are vulnerable to heat. (rF-)
You are in touch with the powers of death.
You do not drink.
You have a special connection with the divine. (Faith)


Message History

Your Necromancy skill increases to level 6!
You can't see any susceptible monsters within range! (Use Z to cast anyway.) Natasha crumbles into dust!
HP restored.
You see here a +0 dagger.
You see here a +0 dagger.
You see here a +0 club.
You see here a +0 dagger.
There is a stone staircase leading up here.
Crazy Yiuf cries, "Millenium sow ena!"
Press: ? - help, v - describe, . - travel
Here: Crazy Yiuf, wielding a +4 quarterstaff of chaos and wearing a +1 cloak of stealth (fire blocked by a runed translucent door)
The floor.
Unknown command.
Unknown command.
Unknown command.
As you open the door, it creaks loudly!
Crazy Yiuf says, "Iron mumblescurry green!"
You feel a surge of power!
Crazy Yiuf writhes in agony.
Crazy Yiuf hits you with a +4 quarterstaff of chaos.
You feel your power leaking away.
You feel a surge of power!
Crazy Yiuf writhes in agony.
Crazy Yiuf hits you with a +4 quarterstaff of chaos!
You suddenly lose the ability to move!
Crazy Yiuf hits you with a +4 quarterstaff of chaos.
You feel protected.
Crazy Yiuf hits you with a +4 quarterstaff of chaos!
* * * LOW HITPOINT WARNING * * *
You feel your power leaking away.
You can move again.
Unknown command.
Unknown command.
You can't drink.
Okay, then.
Unknown command.
Unknown command.
Crazy Yiuf says, "Lugonu!
Sif Muna fast ladder."
Crazy Yiuf attacks as you move away!
Crazy Yiuf hits you with a +4 quarterstaff of chaos.
You die...

##..........<........#######
#..........#.#.#...##
#..........#...#.###
#..............#.#
#................#
#.....############ ##
#.....# ######.
#.....####### #......
##.....#.#.#@### ### ######.
#..###......#g.##...# ##.
#####.###......####.'...#
####.. ...........#..##
###..)# #.....
.........###### ### ##.#...
.........# #....#.
.........### #..##.#
......>..#.###### #..#.⌠.
................# #..##)#


You could see Crazy Yiuf.

Vanquished Creatures
  Natasha (thrice) (D:2)
  7 gnolls
  3 adders (D:2)
  3 bats
  3 endoplasms
  A giant cockroach (D:2)
  4 goblins
  3 hobgoblins
  6 jackals
  A quokka (D:2)
  2 frilled lizards (D:1)
  5 kobolds
  3 rats
44 creatures vanquished.

Vanquished Creatures (collateral kills)
  2 hobgoblins (D:2)
  A quokka (D:2)
  A frilled lizard (D:1)
4 creatures vanquished.

Grand Total: 48 creatures vanquished

Notes
Turn   | Place    | Note
-------+----------+-------------------------------------------
     0 | D:1      | FexLirch the Mummy Necromancer began the quest for the Orb.
     0 | D:1      | Reached XP level 1. HP: 13/13 MP: 4/4
   386 | D:1      | Reached XP level 2. HP: 19/19 MP: 4/6
  1276 | D:2      | Gained mutation: You are in touch with the powers of death.
                  | [Mummy growth]
  1276 | D:2      | Reached XP level 3. HP: 24/24 MP: 0/7
  1297 | D:1      | Reached skill level 5 in Necromancy
  1477 | D:2      | Reached XP level 4. HP: 26/30 MP: 4/9
  1587 | D:2      | Noticed Natasha
  1592 | D:2      | Killed Natasha
  1729 | D:2      | Found a radiant altar of Vehumet.
  1842 | D:2      | Reached XP level 5. HP: 35/35 MP: 8/11
  1985 | D:2      | Noticed Natasha
  1992 | D:2      | Killed Natasha
  2036 | D:2      | Found a runed translucent door.
  2039 | D:2      | Noticed Crazy Yiuf
  2183 | D:2      | Noticed Natasha
  2191 | D:2      | Killed Natasha
  2192 | D:2      | Reached skill level 6 in Necromancy
  2316 | D:2      | Paralysed by Crazy Yiuf for 3 turns
  2322 | D:2      | Slain by Crazy Yiuf

Illustrated notes

Levels and vault maps discovered:
D:1:      minmay_arrival_loop, layout_loops_corners, chequers_avenue
D:2:      layout_rooms, basic_altar, grunt_decor_one_mirror,
          hangedman_feature_mirror, nicolae_concentric_dashed_squares_mild,
          uniq_natasha, uniq_crazy_yiuf_cottage

Skill      XL: |  1  2  3  4  5 |
---------------+----------------+-----
Spellcasting   | 3 4 |  4.6
Necromancy     | 5 6 |  6.1
Dodging        | |  1.5
Stealth        | |  1.6

Action                     |  1- 3 |  4- 6 || total
---------------------------+-------+-------++-------
  Melee: Dagger            |     5 |       ||     5
         Spear             |       |    18 ||    18
   Fire: Sling             |     8 |       ||     8
   Cast: Necrotise         |    47 |    52 ||    99
   Stab: Sleeping          |       |     1 ||     1
 Armour: Robe              |     4 |     1 ||     5
  Dodge: Dodged            |    11 |    22 ||    33

Table legend: (Time is in decaauts)
 A = Elapsed time spent in this place.
 B = Non-inter-level travel time spent in this place.
 C = Inter-level travel time spent in this place.
 D = Time resting spent in this place.
 E = Time spent auto-exploring this place.
 F = Levels seen in this place.
 G = Mean time per level.
                   A        B        C        D        E       F      G
               +--------+--------+--------+--------+--------+-----+--------+
         Total |   2326 |   2037 |    289 |     26 |   1500 |   2 | 1163.0 |
       Dungeon |   2326 |   2037 |    289 |     26 |   1500 |   2 | 1163.0 |
               +--------+--------+--------+--------+--------+-----+--------+

Top non-repeatable levels by time:
     D:1: 1552 daAuts
     D:2: 773 daAuts
